 Dungeon Crawl Stone Soup version 0.29-a0-356-g7bc237e783 (webtiles) character file.

Game seed: 18130992043035411239

835 spaghetti the Fighter (level 8, -2/65 HPs)
             Began as a Djinni Berserker on Apr 25, 2022.
             Was a Believer of Trog.
             Slain by a jelly (3 damage)
             ... on level 4 of the Dungeon.
             The game lasted 00:05:25 (4966 turns).

spaghetti the Fighter (Djinni Berserker)            Turns: 4966, Time: 00:05:25

Health: -2/65      AC: -1    Str: 16    XL:     8   Next: 19%
Gold:   217        EV: 12    Int: 16    God:    Trog [**....] SH:  0 Dex: 14

rFire   + + .      SeeInvis .   t - +2 halberd (vamp) {polearm}
rCold   . . .      Faith    .   (shield currently unavailable)
rNeg    . . .      Spirit   .   a - +0 animal skin
rPois   ∞          Reflect  .   (no helmet)
rElec   .          Harm     .   (no cloak)
rCorr   .          Rampage  .   (no gloves)
Will    .....                   (boots unavailable)
Stlth   +.........              k - amulet of the acrobat
HPRegen 0.20/turn               u - ring of protection from cold
MPRegen 0.00/turn               y - +6 ring of intelligence

@: corroded, on berserk cooldown, flying, slowed, very slow
A: sickness immunity, fire resistance 2, cold vulnerability 1, float, innate
caster, HP casting, extra vitality 1
a: Renounce Religion, Berserk, Trog's Hand


You were on level 4 of the Dungeon.
You worshipped Trog.
Trog was pleased with you.
You visited 1 branch of the dungeon, and saw 5 of its levels.

You collected 217 gold pieces.


Innate Abilities, Weirdness & Mutations

You are immune to sickness and miasma.
You are immune to poison.
Your flesh is very heat resistant. (rF++)
You are vulnerable to cold. (rC-)
You float through the air rather than walking.
You learn spells naturally, not from books.
Your magical power is your life essence.
You have superior vitality. (+4 MHP)


   Skills:
 + Level 8.0 Fighting
 - Level 2.0 Armour
 - Level 2.1 Dodging
 - Level 5.3 Unarmed Combat


You had 2 spell levels left.
You knew the following spells:

 Your Spells              Type           Power      Damage    Failure   Level
a - Sting                 Tmut/Pois      0%         1d3       26%         1
b - Call Imp              Summ           0%         N/A       36%         2
c - Static Discharge      Conj/Air       0%         N/A       36%         2
Your spell library was empty.

Inventory:

Hand Weapons
 t - a +2 vampiric halberd (weapon) {polearm}
   (You took it off a gnoll on level 3 of the Dungeon)
 x - the +4 dagger of Epnur {pain, Int+6, forbiddenshort}
   (You found it on level 3 of the Dungeon)

   In the hands of one skilled in necromantic magic, it inflicts extra damage on
   living creatures.
   Your inability to study Necromancy prevents you from drawing on the full
   power of this weapon.
   Int:       It affects your intelligence (+6).
   Trog disapproves of the use of such an item.
Missiles
 n - 54 stones (quivered) {throwing}
 p - 12 poisoned darts {throwing}
Armour
 a - a +0 animal skin (worn)
Magical Staves
 c - a staff of poison {forbidden!astaff}
   (You found it on level 1 of the Dungeon)
 E - a staff of air {forbidden!astaff}
   (You found it on level 4 of the Dungeon)
Jewellery
 g - an amulet of guardian spirit
   (You found it on level 1 of the Dungeon)
 k - an amulet of the acrobat (around neck)
   (You found it on level 1 of the Dungeon)
 u - a ring of protection from cold (left hand)
   (You found it on level 3 of the Dungeon)
 y - a +6 ring of intelligence (right hand)
   (You found it on level 3 of the Dungeon)
Wands
 v - a wand of iceblast (8)
   (You found it on level 3 of the Dungeon)
Scrolls
 d - 5 scrolls of identify {unknown}
 e - 2 scrolls of summoning {unknown}
 l - a scroll of noise {unknown}
 m - 2 scrolls of magic mapping {unknown}
 q - a scroll of brand weapon {unknown}
 r - a scroll of enchant weapon {unknown}
 s - 2 scrolls of torment {!r}
 A - 2 scrolls of fog {unknown}
 B - a scroll of immolation {unknown}
 D - a scroll of teleportation {unknown}
 F - a scroll of amnesia {unknown}
Potions
 b - a potion of degeneration {unknown}
 f - a potion of brilliance {unknown}
 h - a potion of ambrosia {unknown}
 i - 2 potions of cancellation {unknown}
 j - a potion of haste {unknown}
 o - a potion of might {unknown}
 w - 3 potions of curing {unknown}
 z - a potion of mutation {unknown}
 C - a potion of attraction {unknown}

Dungeon Overview and Level Annotations

Branches:
Dungeon (5/15)             Temple (0/1) D:4

Altars:

.....###...#### #..# ##..## ##
#....# #.⌠.# #..# ##..## ##.
#....###...# ###.####...# ##..
........##.# ###.....#...#####...
...###.###.###...........##....##
..## #..##....................##
..# ##......#...............##
.## ##...####..h..........## .#
#..### #.@†...........## .## #..#
#.J.............## ..# ##.##
##...............## ..####...##
#.................. ...#......###
#................).
............###..............)...
###...........#.............)..).
##.......................#####..
#......................### #...


You could see a hound and a jelly.


Message History

An orc wizard comes into view. It is wielding a +0 dagger. 😕 HP[-2]
You take 2 damage, and now have 46/58 hp.
A red film seems to cover your vision as you go berserk!
You feel yourself moving faster!
You feel mighty! The centaur hits you. The centaur kicks you.
An orc opens the door. 😮 HP[+17]
You now have 87 max hp (+29).
You regained 17 hp, and now have 63/87 hp.
You barely miss the centaur.
The centaur hits you but does no damage.
The centaur closely misses you.
You impale the centaur!!
You feel better.
You kill the centaur!
Trog accepts your kill. The black bear bites you.
The black bear claws you. x2; The jelly hits you.
You are splashed with acid!
The hound completely misses you.
You have reached level 8!
You feel agile. 😮 HP[-6]
You now have 97 max hp (+10).
Unknown command.
You closely miss the black bear. The hound misses you.
The jelly hits you but does no damage. The black bear bites you.
The black bear claws you. The black bear barely misses you.
The hound bites you.
* * * LOW HITPOINT WARNING * * *
😨 HP[-10]
You take 10 damage, and now have 47/97 hp.
You slice the black bear!! The jelly misses you.
The black bear goes berserk!
An orc priest comes into view. It is wielding a +0 club.
The hound closely misses you. The jelly hits you.
* * * LOW HITPOINT WARNING * * *
You are splashed with acid.
* * * LOW HITPOINT WARNING * * *
The black bear closely misses you. The black bear claws you.
* * * LOW HITPOINT WARNING * * *
The black bear completely misses you. 😨 HP[-14]
You take 14 damage, and now have 33/97 hp.
Unknown command.
The hound barely misses you.
You fly upwards.
You feel a strong urge to attack something.
There is a stone staircase leading down here.
You closely miss the black bear. The black bear misses you.
The black bear claws you.
* * * LOW HITPOINT WARNING * * *
The black bear completely misses you. The hound bites you but does no damage.
The jelly barely misses you. The black bear bites you!
* * * LOW HITPOINT WARNING * * *
The black bear claws you.
* * * LOW HITPOINT WARNING * * *
The black bear closely misses you. The hound bites you.
* * * LOW HITPOINT WARNING * * *
😱 HP[-13]
You take 13 damage, and now have 20/97 hp.
You slash the black bear!
You feel better.
You kill the black bear!
Trog accepts your kill. The hound bites you.
* * * LOW HITPOINT WARNING * * *
The jelly hits you.
* * * LOW HITPOINT WARNING * * *
The acid corrodes you!
You are splashed with acid!
* * * LOW HITPOINT WARNING * * *
Your Fighting skill increases to level 8! 😱 HP[-11]
You take 11 damage, and now have 9/97 hp.
You miss the hound. The hound closely misses you. The jelly hits you.
* * * LOW HITPOINT WARNING * * *
You are splashed with acid.
* * * LOW HITPOINT WARNING * * *
The hound bites you.
* * * LOW HITPOINT WARNING * * *
😱 HP[-8]
You take 8 damage, and now have 1/97 hp.
Unknown command.
Unknown command.
Unknown command.
You puncture the hound!
You feel better.
You are no longer berserk.
You are exhausted.
You feel yourself slow down. The hound closely misses you.
The jelly closely misses you. The hound bites you.
* * * LOW HITPOINT WARNING * * *
😱 HP[+1]
You now have 65 max hp (-32).
Unknown command.
Okay, then.
Okay, then.
Okay, then.
As you read the scroll labelled VEM CUDAAJU, it crumbles to dust.
You feel a surge of unholy energy.
The jelly convulses!
The hound convulses!
It was a scroll of torment.
The hound bites you.
* * * LOW HITPOINT WARNING * * *
The jelly hits you.
You die...

Skill      XL: |  1  2  3  4  5  6  7  8 |
---------------+-------------------------+-----
Unarmed Combat | 4 5 |  5.3
Fighting       | 4 5 7 8 |  8.0
Armour         | |  2.0
Dodging        | |  2.1

Action                   |  1- 3 |  4- 6 |  7- 9 || total
-------------------------+-------+-------+-------++-------
Melee: Unarmed           |   112 |    33 |       ||   145
       Punch             |     2 |       |       ||     2
       Halberd           |       |    55 |    74 ||   129
Invok: Berserk           |     4 |     4 |     4 ||    12
  Use: Scroll            |       |       |     1 ||     1
 Stab: Sleeping          |     1 |     1 |     1 ||     3
Armor: Animal skin       |    23 |     9 |    18 ||    50
Dodge: Dodged            |    66 |    53 |    67 ||   186

Levels and vault maps discovered:
D:1:      dpeg_arrival_simpleton_b, layout_loops_ring
D:2:      layout_basic, minmay_pentomino_w2
D:3:      layout_basic
D:4:      layout_layer_cave, minmay_temple_entry_junction, minivault_19
D:5:      layout_rooms, mainiacjoe_overflow_24_doors, minmay_joined_circles

Notes
Turn   | Place    | Note
-------+----------+-------------------------------------------
     0 | D:1      | spaghetti the Djinni Berserker began the quest for the Orb.
     0 | D:1      | Reached XP level 1. HP: 20/20 MP: 0/0
     0 | D:1      | magus.rc [v1.9.6]
   191 | D:1      | Reached XP level 2. HP: 10/25 MP: 0/0
   590 | D:1      | Reached skill level 4 in Unarmed Combat
   590 | D:1      | Reached XP level 3. HP: 19/30 MP: 0/0
   590 | D:1      | Learned a level 1 spell: Sting
  1552 | D:2      | Reached ** piety under Trog
  1553 | D:2      | Reached XP level 4. HP: 35/35 MP: 0/0
  1932 | D:3      | Reached skill level 5 in Unarmed Combat
  2140 | D:3      | Reached XP level 5. HP: 40/40 MP: 0/0
  2140 | D:3      | Learned a level 2 spell: Call Imp
  2524 | D:3      | HP: 14/61 [orc priest/nerve-wracking pain (8)]
  2525 | D:3      | HP: 5/61 [frozen (5)]
  2527 | D:3      | Reached skill level 4 in Fighting
  2531 | D:3      | Reached XP level 6. HP: 17/48 MP: 0/0
  2738 | D:3      | Noticed an ice beast
  2744 | D:3      | Killed an ice beast
  2745 | D:3      | Reached skill level 5 in Fighting
  2955 | D:3      | Identified the +4 dagger of Epnur {pain, Int+6}
  3297 | D:4      | Reached XP level 7. HP: 55/55 MP: 0/0
  3297 | D:4      | Learned a level 2 spell: Static Discharge
  3405 | D:4      | Reached skill level 6 in Fighting
  3632 | D:4      | Found a staircase to the Ecumenical Temple.
  4404 | D:4      | Reached skill level 7 in Fighting
  4952 | D:5      | Entered Level 5 of the Dungeon
  4958 | D:5      | Reached XP level 8. HP: 57/65 MP: 0/0
  4962 | D:4      | HP: 22/97 [black bear (8)]
  4963 | D:4      | HP: 9/97 [acid (8)]
  4964 | D:4      | Reached skill level 8 in Fighting
  4964 | D:4      | HP: 3/97 [acid (5)]
  4964 | D:4      | HP: 1/97 [hound (2)]
  4966 | D:4      | Slain by a jelly

Vanquished Creatures
  A black bear (D:4)
  A centaur (D:5)
  An ice beast (D:3)
  An ogre (D:4)
  A bullfrog (D:3)
  A necrophage (D:4)
  2 hounds (D:4)
  3 orc priests (D:3)
  7 gnolls
  4 adders
  A shadow imp (D:4)
  2 ufetubi (D:4)
  A worm (D:4)
  2 dart slugs (D:3)
  7 orcs
  8 endoplasms
  3 giant cockroaches
  9 goblins
  4 hobgoblins (D:1)
  7 jackals (D:1)
  8 kobolds
  2 quokkas
  2 ball pythons
  4 bats
  6 frilled lizards
  4 rats
92 creatures vanquished.

Table legend:
 A = Non-vault XP
 B = Vault XP
 C = Vault XP percentage of total XP
 D = Non-vault monster count
 E = Vault monster count
 F = Vault count percentage of total count
                 A         B        C        D         E       F
            +---------+---------+-------+---------+---------+-------
      Total |    1193 |       1 |   0.1 |      91 |       1 |   1.1
            +---------+---------+-------+---------+---------+-------
        D:1 |      49 |       0 |   0.0 |      29 |       0 |   0.0
        D:2 |      32 |       1 |   3.0 |       7 |       1 |  12.5
        D:3 |     435 |       0 |   0.0 |      27 |       0 |   0.0
        D:4 |     555 |       0 |   0.0 |      27 |       0 |   0.0
        D:5 |     122 |       0 |   0.0 |       1 |       0 |   0.0
            +---------+---------+-------+---------+---------+-------

Illustrated notes

Table legend:
 A = Kills in this place as a percentage of kills in entire the game.
 B = Kills by you in this place as a percentage of kills by you in the entire game.
 C = Kills by friends in this place as a percentage of kills by friends in the entire game.
 D = Other kills in this place as a percentage of other kills in the entire game.
 E = Experience gained in this place as a percentage of experience gained in the entire game.
 F = Experience gained in this place divided by the number of levels of this place that you have seen.
                   A       B       C       D       E      F
               +-------+-------+-------+-------+-------+----------------------
         Total | 100.0 | 100.0 |   N/A |   N/A | 100.0 | 238.8
       Dungeon | 100.0 | 100.0 |   N/A |   N/A | 100.0 | 238.8
               +-------+-------+-------+-------+-------+----------------------

Table legend: (Time is in decaauts)
 A = Elapsed time spent in this place.
 B = Non-inter-level travel time spent in this place.
 C = Inter-level travel time spent in this place.
 D = Time resting spent in this place.
 E = Time spent auto-exploring this place.
 F = Levels seen in this place.
 G = Mean time per level.
                   A        B        C        D        E       F      G
               +--------+--------+--------+--------+--------+-----+--------+
         Total |   5099 |   5033 |     66 |   1346 |   3074 |   5 | 1019.8 |
       Dungeon |   5099 |   5033 |     66 |   1346 |   3074 |   5 | 1019.8 |
               +--------+--------+--------+--------+--------+-----+--------+

Top non-repeatable levels by time:
     D:4: 1723 daAuts
     D:3: 1231 daAuts
     D:1: 1189 daAuts
     D:2: 946 daAuts
     D:5: 9 daAuts
